 Dungeon Crawl Stone Soup version 0.17-a0-1115-g0372368 (webtiles) character file.

1 futacatgirl the Sneak (level 1, -2/15 HPs)
             Began as a Naga Wizard on May 23, 2015.
             Slain by a hobgoblin
             ... wielding a +0 club
              (3 damage)
             ... on level 1 of the Dungeon.
             The game lasted 00:00:26 (30 turns).

futacatgirl the Sneak (Naga Wizard)                   Turns: 30, Time: 00:00:27

Health: -2/15      AC:  1    Str:  9    XL:     1   Next: 20%
Magic:  0/4        EV:  9    Int: 18    God:
Gold:   0          SH:  0    Dex:  9    Spells: 1 memorised, 5 levels left

rFire  . . .     SeeInvis +     (no weapon)
rCold  . . .     Clarity  .     a - +0 robe
rNeg   . . .     SustAt   .     (no shield)
rPois  +         Gourm    .     b - +0 hat
rElec  .         Spirit   .     (no cloak)
rCorr  .         Warding  .     (no gloves)
rMut   .         Stasis   .     (no barding)
MR     .....                    (no amulet)
Stlth  ++........               (no ring)
                                (no ring)

@: very slightly contaminated, very slow, not resistant to hostile enchantments,
unstealthy
A: see invisible, deformed body, poison resistance, slowness 2, slow metabolism
1, spit poison 2, AC +0
a: Spit Poison


You were on level 1 of the Dungeon.
You were not hungry.

You visited 1 branch of the dungeon, and saw 1 of its levels.

Inventory:

Armour
 a - a +0 robe (worn)
 b - a +0 hat (worn)
Books
 c - a book of Minor Magic
Comestibles
 d - a bread ration {@e1}


   Skills:
 + Level 0.0 Fighting
 + Level 1.6 Dodging
 + Level 3.0 Stealth
 - Level 3.0 Spellcasting
 * Level 1.1 Conjurations
   Level 1.0 Summonings
   Level 1.0 Translocations


You had 5 spell levels left.
You knew the following spells:

 Your Spells              Type           Power        Failure   Level  Hunger
a - Magic Dart            Conj           #...         12%         1    None


Dungeon Overview and Level Annotations

Branches:
Dungeon (1/15)

Altars:


Innate Abilities, Weirdness & Mutations

You cannot wear boots.
Your serpentine skin is tough (AC +0).
You have supernaturally acute eyesight.
Armour fits poorly on your strangely shaped body.
Your system is resistant to poisons.
You cover ground very slowly.
You have a slow metabolism.
You can spit poison.


Message History

Welcome, futacatgirl the Naga Wizard.
Will you be the one to retrieve the fabulous Orb of Zot from the depths?
Found a river rat skeleton.
Found a staircase leading out of the dungeon.
You open the door.
Found a stone staircase leading down.
There is an open door here.
There is a stone staircase leading down here.
A hobgoblin comes into view.
Aim: a hobgoblin (resting)
You miscast Magic Dart.
You are very lightly contaminated with residual magic.
Nothing appears to happen.
The hobgoblin shouts!
You hear a shout!
You now have 3/4 mp.
Aim: a hobgoblin The magic dart hits the hobgoblin.
You now have 2/4 mp.
Aim: a hobgoblin (severely wounded)
The magic dart hits the hobgoblin.
The hobgoblin hits you.
You take 4 damage, and have 11/15 hp.
MASSIVE DAMAGE!!
You now have 1/4 mp.
Aim: a hobgoblin (severely wounded)
You miscast Magic Dart.
Wisps of smoke drift from your hands. The hobgoblin closely misses you.
You now have 0/4 mp.
You don't have enough magic to cast that spell.
Unknown command.
You hit the hobgoblin but do no damage. The hobgoblin barely misses you.
You hit the hobgoblin.
You kill the hobgoblin!
You see here a hobgoblin corpse.
You start resting.
A hobgoblin comes into view. It is wielding a club.
You closely miss the hobgoblin. The hobgoblin hits you with a club.
You take 6 damage, and have 5/15 hp.
MASSIVE DAMAGE!!
You hit the hobgoblin but do no damage. The hobgoblin barely misses you.
Aim: a hobgoblin, wielding a club The magic dart hits the hobgoblin.
You now have 0/4 mp.
You barely miss the hobgoblin. The hobgoblin barely misses you.
You barely miss the hobgoblin. The hobgoblin hits you with a club.
* * * LOW HITPOINT WARNING * * *
You take 4 damage, and have 1/15 hp.
MASSIVE DAMAGE!!
You barely miss the hobgoblin. The hobgoblin hits you with a club.
You die...

######### ##≈§§§§§§§ ####
#§≈§§§≈§§≈ ..# #§§#§§§§#§
#.# #§§§§§§≈§≈ ...####.##
#§§§≈≈÷≈ ≈
.......†.#################
###.#.#.g@..>....'....<...
.. #.#######.##########
#.. #.# #.#§§§≈§≈§ ≈ ..#
#.# #.#§§§§§≈§§≈ # ..#
#.#§§#≈§§§#≈ #.#
#.#§§≈§§§§§≈ #.#
#.##≈≈§≈§≈§§ #.##########
#.#


You could see a hobgoblin.

Vanquished Creatures
  A hobgoblin (D:1)
1 creature vanquished.

Notes
Turn   | Place    | Note
--------------------------------------------------------------
     0 | D:1      | futacatgirl the Naga Wizard began the quest for the Orb.
     0 | D:1      | Reached XP level 1. HP: 15/15 MP: 4/4
    29 | D:1      | HP: 1/15 [hobgoblin/club (4)]
    30 | D:1      | Slain by a hobgoblin

Vault maps used:
D:1:      saegor_arrival_miasma, minmay_distorted

Action                   || total
-------------------------++-------
Melee: Unarmed           ||     7
 Cast: Magic Dart        ||     3

Vault maps used:
D:1:      saegor_arrival_miasma, minmay_distorted

Table legend:
 A = Turns spent in this place as a percentage of turns spent in the entire game.
 B = Non-inter-level travel turns spent in this place as a percentage of non-inter-level travel turns spent in the entire game.
 C = Inter-level travel turns spent in this place as a percentage of turns spent in this place.
 D = Turns resting spent in this place as a percentage of non-inter-level travel turns spent in this place.
 E = Turns spent auto-exploring this place as a percentage of non-inter-level travel turns spent in this place.
 F = Non-inter-level travel turns spent in this place divided by the number of levels of this place that you've seen.
                   A       B       C       D       E      F
               +-------+-------+-------+-------+-------+----------------------
         Total | 100.0 | 100.0 |   0.0 |   9.5 |   9.5 |  21.0
       Dungeon | 100.0 | 100.0 |   0.0 |   9.5 |   9.5 |  21.0
               +-------+-------+-------+-------+-------+----------------------

Table legend:
 A = Kills in this place as a percentage of kills in entire the game.
 B = Kills by you in this place as a percentage of kills by you in the entire game.
 C = Kills by friends in this place as a percentage of kills by friends in the entire game.
 D = Other kills in this place as a percentage of other kills in the entire game.
 E = Experience gained in this place as a percentage of experience gained in the entire game.
 F = Experience gained in this place divided by the number of levels of this place that you have seen.
                   A       B       C       D       E      F
               +-------+-------+-------+-------+-------+----------------------
         Total | 100.0 | 100.0 |  -nan |  -nan | 100.0 |   2.0
       Dungeon | 100.0 | 100.0 |  -nan |  -nan | 100.0 |   2.0
               +-------+-------+-------+-------+-------+----------------------
